 Dungeon Crawl Stone Soup version 0.20-b1-18-gaa2fd62 (webtiles) character file.

4573 Hook the Basher (level 10, 0/90 HPs)
             Began as a Minotaur Berserker on May 24, 2017.
             Was a High Priest of Trog.
             Slain by a fire elemental (12 damage)
             ... summoned by a deep elf mage
             ... on level 8 of the Dungeon.
             The game lasted 00:17:46 (7963 turns).

Hook the Basher (Minotaur Berserker)                Turns: 7963, Time: 00:17:47

Health: 0/90       AC: 10    Str: 25    XL:     10   Next: 18%
Magic:  9/9        EV: 11    Int:  4    God:    Trog [*****.]
Gold:   446        SH: 11    Dex: 10    Spells: 9/9 levels left

rFire    . . .     SeeInvis .   a - +0 mace
rCold    . . .     Gourm    .   i - +0 shield
rNeg     . . .     Faith    .   v - +0 ring mail
rPois    .         Spirit   .   (helmet restricted)
rElec    .         Reflect  .   j - +0 cloak
rCorr    .         Harm     .   f - +0 pair of gloves
MR       .....                  e - +0 pair of boots
Stlth    +.........             (no amulet)
Regen    0.3/turn               (no ring)
MPRegen  0.2/turn               (no ring)

@: berserk cooldown, slowed, very slow
A: retaliatory headbutt, horns 2
a: Berserk, Trog's Hand, Brothers in Arms, Burn Spellbooks, Renounce Religion


You were on level 8 of the Dungeon.
You worshipped Trog.
Trog was extremely pleased with you.
You were not hungry.

You visited 1 branch of the dungeon, and saw 8 of its levels.
You also visited: Ossuary.

You collected 446 gold pieces.

Inventory:

Hand Weapons
 a - a +0 mace (weapon)
Armour
 b - a +0 animal skin
 e - a +0 pair of boots (worn)
 f - a +0 pair of gloves (worn)
 i - a +0 shield (worn)
 j - a +0 cloak (worn)
 v - a +0 ring mail (worn)
Jewellery
 L - a +4 ring of protection {unknown}
Wands
 p - a wand of iceblast (6/15)
 w - a wand of enslavement (6/24)
 z - a wand of iceblast (11/15)
 J - a wand of disintegration (18/24)
 K - a wand of random effects (20/48)
Scrolls
 h - 11 scrolls of identify
 s - 2 scrolls of blinking
 t - 2 scrolls of fear {unknown}
 u - 2 scrolls of immolation
 y - 2 scrolls of fog {unknown}
 D - a scroll of recharging
 E - 2 scrolls of enchant armour {unknown}
 F - 2 scrolls of teleportation
 G - a scroll of torment {unknown}
 H - 2 scrolls of random uselessness {unknown}
 I - a scroll of noise {unknown}
Potions
 d - a potion of berserk rage {unknown}
 g - 7 potions of curing
 k - 7 potions of agility {unknown}
 l - a potion of flight {unknown}
 o - a potion of haste
 q - a potion of ambrosia {unknown}
 r - 2 potions of mutation {unknown}
 A - 2 potions of lignification {unknown}
Comestibles
 c - 3 bread rations
 m - 2 fruits
 n - 5 royal jellies
 x - 4 meat rations


   Skills:
 * Level 8.5 Fighting
 * Level 11.5 Maces & Flails
 + Level 1.2 Throwing
 * Level 7.0 Armour
 + Level 4.5 Dodging
 + Level 1.0 Stealth
 * Level 8.0 Shields


You had 9 spell levels left.
You didn't know any spells.

Dungeon Overview and Level Annotations

Branches:
Dungeon (8/15)             Temple (0/1) D:6
   Lair: D:8-11

Altars:
Ashenzari
Cheibriados
Elyvilon
Fedhas
Hepliaklqana
Nemelex Xobeh
Xom
Yredelemnul
Zin
The Shining One

Shops:
D:5 =   D:8 (


Innate Abilities, Weirdness & Mutations

You reflexively headbutt those who attack you in melee.
You have a pair of horns on your head.


Message History

The deep elf mage hits you but does no damage.
You hit the deep elf mage.
The deep elf mage is lightly wounded.
The fire elemental barely misses you. You furiously retaliate!
You headbutt the fire elemental. The fire elemental hits you.
The fire elemental burns you! The fire elemental barely misses you.
You furiously retaliate!
You headbutt the fire elemental! The fire elemental misses you.
The deep elf mage closely misses you.
You thump the deep elf mage! Your headbutt misses the deep elf mage.
The deep elf mage is moderately wounded.
The fire elemental misses you. You block the fire elemental's attack.
The deep elf mage casts a spell.
The fire elemental hits you. The fire elemental burns you!
* * * LOW HITPOINT WARNING * * *
The fire elemental hits you. The fire elemental burns you!
* * * LOW HITPOINT WARNING * * *
You closely miss the deep elf mage.
The deep elf mage is moderately wounded.
The fire elemental hits you. The fire elemental burns you!
You die...

...e .............(.## ..(#
#..........##'#### #..#
##..(....####.(#... #..#
#(..(..###.....###. #(.#
#.(...##....(..# #. #..#
##(.(..#.....#..# #. #..#
#()...##...###..#### #..#
##(eEE.#..)## #..#... #..#
###..E@..#..#####..#### #..#
####.......##......#..# #
#..####.'.......)#.†.....#..# #
#.......#.......†).####..#..####
#......##..(....#### #..#..#..#
.#####..#......### #..# #..# .#
##...#.....## #..# #...
.###...##.....# #..# #...
.#.....#.....## #..# #...


You could see a deep elf mage and 3 fire elementals.

Vanquished Creatures
  A two-headed ogre (D:8)
  3 hippogriffs
  Sigmund (D:5)
  A hungry ghost (D:8)
  A steam dragon (D:8)
  A phantom (D:8)
  2 ice beasts (D:7)
  A necrophage (D:5)
  5 ogres
  The ghost of Sagrath01 the Ruffian, an amateur DrTm (D:3)
  5 centaurs
  A wyvern zombie (D:8)
  2 bullfrogs (D:8)
  A wyvern skeleton (D:8)
  A scorpion (D:4)
  A killer bee (D:8)
  A howler monkey (D:8)
  5 crimson imps
  A quasit (D:8)
  A centaur zombie (D:6)
  6 orc priests
  Crazy Yiuf (D:5)
  2 hounds (D:8)
  7 orc wizards
  2 bullfrog skeletons (D:8)
  A centaur skeleton (D:4)
  2 iguanas
  8 worker ants
  4 mummies
  2 gnolls (D:5)
  11 adders
  3 shadow imps
  2 oozes
  3 adder zombies
  An adder skeleton (D:8)
  3 worms
  2 dart slugs
  6 leopard geckos
  29 orcs
  A ball python (D:1)
  17 giant cockroaches
  A gnoll zombie (Ossuary)
  6 goblins
  5 hobgoblins
  3 jackals (D:4)
  3 quokkas
  9 bats
  5 frilled lizards
  A goblin skeleton (D:2)
  2 goblin zombies (Ossuary)
  2 hobgoblin zombies (Ossuary)
  6 kobolds
  3 kobold zombies (Ossuary)
  A leopard gecko skeleton (D:8)
  2 orc zombies (Ossuary)
  3 quokka zombies (Ossuary)
  10 rats
  4 rat zombies (Ossuary)
215 creatures vanquished.

Notes
Turn   | Place    | Note
-------+----------+-------------------------------------------
     0 | D:1      | Hook the Minotaur Berserker began the quest for the Orb.
     0 | D:1      | Reached XP level 1. HP: 19/19 MP: 0/0
   204 | D:1      | Reached skill level 4 in Maces & Flails
   209 | D:1      | Reached XP level 2. HP: 10/27 MP: 1/1
   601 | D:1      | Reached ** piety under Trog
   798 | D:1      | Reached XP level 3. HP: 33/33 MP: 2/2
  1277 | D:2      | Found a runed door.
  1277 | D:2      | Noticed a human
  1284 | D:2      | Found a basalt altar of Yredelemnul.
  1347 | D:2      | Reached skill level 5 in Maces & Flails
  1349 | D:2      | Found a blossoming altar of Fedhas.
  1369 | D:2      | You fall through a shaft for 2 floors!
  1369 | D:4      | Found a glowing silver altar of Zin.
  1379 | D:4      | Reached XP level 4. HP: 35/41 MP: 3/3
  1557 | D:3      | Noticed Sagrath01's ghost (amateur DrTm)
  1570 | D:3      | Killed Sagrath01's ghost
  1570 | D:3      | Reached skill level 1 in Shields
  1570 | D:3      | Reached XP level 5. HP: 47/47 MP: 4/4
  1852 | D:3      | Reached skill level 6 in Maces & Flails
  1954 | D:3      | Reached *** piety under Trog
  2474 | D:4      | Reached skill level 5 in Fighting
  2552 | D:4      | Noticed an ogre
  2565 | D:4      | Killed an ogre
  2565 | D:4      | Reached XP level 6. HP: 56/56 MP: 5/5
  2601 | D:4      | You fall through a shaft!
  2601 | D:5      | Entered Level 5 of the Dungeon
  2642 | D:5      | Found Zorez's Jewellery Shop.
  2829 | D:5      | Reached skill level 7 in Maces & Flails
  2879 | D:5      | Noticed a hippogriff
  2885 | D:5      | Killed a hippogriff
  2885 | D:5      | Reached XP level 7. HP: 62/62 MP: 6/6
  2939 | D:5      | Noticed Sigmund
  3676 | D:4      | Found a basalt altar of Yredelemnul.
  3868 | D:4      | Found a white marble altar of Elyvilon.
  4022 | D:5      | Found a glowing golden altar of the Shining One.
  4042 | D:5      | Reached skill level 8 in Maces & Flails
  4093 | D:5      | Reached XP level 8. HP: 66/70 MP: 7/7
  4116 | D:5      | Killed Sigmund
  4215 | D:5      | Reached skill level 5 in Armour
  4314 | D:5      | Found a runed door.
  4555 | D:5      | Reached skill level 5 in Shields
  4797 | D:5      | Noticed Crazy Yiuf
  4809 | D:5      | Killed Crazy Yiuf
  5032 | D:6      | Reached skill level 9 in Maces & Flails
  5051 | D:6      | Reached **** piety under Trog
  5368 | D:6      | Found a hazy altar of Hepliaklqana.
  5401 | D:6      | Found a staircase to the Ecumenical Temple.
  5771 | D:7      | Found a shimmering altar of Xom.
  6054 | D:7      | Reached XP level 9. HP: 51/78 MP: 8/8
  6289 | D:7      | Found a sand-covered staircase.
  6310 | Ossuary  | Entered an ossuary
  6737 | D:7      | Reached ***** piety under Trog
  6940 | D:7      | Reached skill level 10 in Maces & Flails
  6977 | D:7      | Found a sparkling altar of Nemelex Xobeh.
  7155 | D:8      | Found Heitab's Weapon Shop.
  7254 | D:8      | Reached skill level 1 in Stealth
  7424 | D:8      | Found a shattered altar of Ashenzari.
  7424 | D:8      | Found a snail-covered altar of Cheibriados.
  7533 | D:8      | Noticed a two-headed ogre
  7544 | D:8      | Killed a two-headed ogre
  7544 | D:8      | Reached skill level 11 in Maces & Flails
  7680 | D:8      | Reached XP level 10. HP: 61/89 MP: 9/9
  7681 | D:8      | Noticed a deep elf mage
  7732 | D:8      | Reached skill level 1 in Throwing
  7963 | D:8      | Slain by a fire elemental

Skill      XL: |  1  2  3  4  5  6  7  8  9 10 |
---------------+-------------------------------+-----
Maces & Flails | 4 5 6 7 8 9 11 | 11.5
Fighting       | 4 5 6 8 |  8.5
Armour         | 3 4 5 6 7 |  7.0
Shields        | 1 2 3 4 6 7 8 |  8.0
Dodging        | 3 4 |  4.5
Stealth        | 1 |  1.0
Throwing       | 1 |  1.2

Action                   |  1- 3 |  4- 6 |  7- 9 | 10-12 || total
-------------------------+-------+-------+-------+-------++-------
Melee: Mace              |    97 |   100 |   429 |    63 ||   689
       Headbutt          |    13 |    19 |    68 |    10 ||   110
Throw: Tomahawk          |       |       |    22 |     7 ||    29
       Javelin           |       |       |       |     2 ||     2
Invok: Berserk           |       |     3 |     4 |     1 ||     8
       Burn Spellbooks   |       |       |     1 |       ||     1
  Use: Scroll            |       |     3 |     4 |       ||     7
  Eat: Chunk             |     1 |     4 |     6 |       ||    11
       Bread ration      |       |     1 |     2 |       ||     3
       Meat ration       |       |       |     1 |       ||     1
       Fruit             |       |       |     2 |       ||     2
       Royal jelly       |       |       |     1 |       ||     1
Armor: Animal skin       |    35 |    16 |       |       ||    51
       Ring mail         |       |    10 |    95 |    20 ||   125
Dodge: Dodged            |    61 |    34 |   117 |    37 ||   249
Block: Shield            |    20 |    43 |   166 |    25 ||   254
